 Dungeon Crawl Stone Soup version 0.28.0-45-g0d030f2227 (webtiles) character file.

Game seed: 11848010067737274773

116 nickcage the Slasher (level 5, -1/41 HPs)
             Began as a Formicid Abyssal Knight on Apr 14, 2022.
             Was a Priest of Lugonu.
             Slain by Grinder (6 damage)
             ... on level 3 of the Dungeon.
             The game lasted 00:05:08 (3089 turns).

nickcage the Slasher (Formicid Abyssal Knight)      Turns: 3089, Time: 00:05:08

Health: -1/41      AC: 13    Str: 19    XL:     5   Next: 20%
Magic:  6/6        EV:  5    Int: 10    God:    Lugonu [***...]
Gold:   86         SH:  0    Dex: 11    Spells: 4/4 levels left

rFire   . . .      SeeInvis +   a - +1 falchion
rCold   . . .      Faith    .   (no shield)
rNeg    . . .      Spirit   .   k - +0 plate armour
rPois   .          Reflect  .   (helmet unavailable)
rElec   .          Harm     .   (no cloak)
rCorr   .          Rampage  .   h - +1 pair of gloves
Will    .....                   (no boots)
Stlth   ..........              (no amulet)
HPRegen 0.13/turn               (no ring)
MPRegen 0.10/turn               (no ring)

@: no status effects
A: permanent stasis, dig shafts and tunnels, antennae 3, four strong arms
a: Dig, Shaft Self, Renounce Religion, Depart the Abyss, Bend Space, Banish


You were on level 3 of the Dungeon.
You worshipped Lugonu.
Lugonu was most pleased with you.
You visited 1 branch of the dungeon, and saw 3 of its levels.
You visited the Abyss 1 time.

You collected 86 gold pieces.

Inventory:

Hand Weapons
 a - a +1 falchion (weapon)
Missiles
 l - 5 poisoned darts (quivered)
Armour
 b - a +0 leather armour
 h - a +1 pair of gloves (worn)
 k - a +0 plate armour (worn)
Scrolls
 e - a scroll of enchant armour {unknown}
 f - 2 scrolls of teleportation {unknown}
 n - a scroll of noise {unknown}
 o - a scroll of identify {unknown}
 p - a scroll of fog {unknown}
Potions
 c - 2 potions of brilliance {unknown}
 d - a potion of attraction {unknown}
 g - a potion of lignification {unknown}
 i - 2 potions of curing {unknown}
 j - 2 potions of degeneration {unknown}
 m - a potion of might {unknown}
 q - a potion of mutation {unknown}
 r - a potion of berserk rage {unknown}


   Skills:
 - Level 3.2 Fighting
 + Level 5.0 Long Blades
 - Level 2.1 Armour
 - Level 0.8 Dodging
 - Level 2.1 Invocations


You had 4 spell levels left.
You didn't know any spells.
Your spell library contained the following spells:

 Spells                   Type           Power      Damage    Failure   Level
 Foxfire                  Conj/Fire      0%         2x1d4     100%        1
 Dazzling Flash           Conj/Hex       0%         N/A       100%        3
 Agony                    Necr           0%         N/A       100%        5
 Silence                  Hex/Air        0%         N/A       100%        5


Dungeon Overview and Level Annotations

Branches:
Dungeon (3/15)

Altars:
Okawaru

Annotations:
D:3 1 transporter, Grinder


Innate Abilities, Weirdness & Mutations

You cannot be hasted, slowed, berserked, paralysed or teleported.
You can dig through walls and to a lower floor.
You have a pair of large antennae on your head. (SInv)
Your four strong arms can wield two-handed weapons with a shield.


Message History

Your stasis prevents you from being paralysed.
Found a stone staircase leading down.
You slash the giant cockroach!
You kill the giant cockroach!
Lugonu accepts your kill. Grinder hits you.
You writhe in agony.
You closely miss Grinder.
Grinder blinks!
Grinder gestures at you. Pain shoots through your body! Grinder hits you.
You writhe in agony.
You are too injured to fight recklessly!
You closely miss Grinder. Grinder hits you.
You writhe in agony.
You closely miss Grinder.
Grinder says, "Just stop there for a second..."
Grinder gestures at you. You resist with significant effort.
You hit Grinder.
Grinder is lightly wounded.
Grinder closely misses you.
You closely miss Grinder.
Grinder is lightly wounded.
Grinder gestures at you. Pain shoots through your body!
* * * LOW HITPOINT WARNING * * *
You hit Grinder.
Grinder is moderately wounded.
Grinder hits you but does no damage.
You closely miss Grinder.
Grinder is moderately wounded.
Grinder hits you but does no damage.
You hit Grinder but do no damage.
Grinder is moderately wounded.
Grinder gestures at you.
Your stasis prevents you from being paralysed.
You hit Grinder.
Grinder is heavily wounded.
Grinder hits you.
* * * LOW HITPOINT WARNING * * *
You writhe in agony.
You die...

#.. #............#
###.###.##########.#
............# #.#
............# #.#
............# #.#
.........†..# #.#
............# #.#
............# #.#
.......@....# #.#
.......5....# #.#
............# #.#
.......>....# #.#
............# #.#
............# #.#
............# #.#
############# #.#
...# #.#


You could see Grinder.

Vanquished Creatures
  Robin (D:2)
  A gnoll (D:3)
  2 adders (D:3)
  2 worms (D:2)
  2 orcs (D:3)
  A bat (D:3)
  7 endoplasms
  4 giant cockroaches
  12 goblins
  8 hobgoblins
  4 jackals (D:2)
  3 quokkas
  A ball python (D:1)
  3 frilled lizards
  4 kobolds
  8 rats
63 creatures vanquished.

Notes
Turn   | Place    | Note
-------+----------+-------------------------------------------
     0 | Abyss:1  | nickcage the Formicid Abyssal Knight began the quest for
                  | the Orb.
     0 | Abyss:1  | Reached XP level 1. HP: 18/18 MP: 2/2
     9 | D:1      | Escaped the Abyss
   428 | D:1      | Found a faded altar of an unknown god.
   451 | D:1      | Got Plato's Collected Works on Flames
   472 | D:1      | Reached XP level 2. HP: 22/24 MP: 3/3
  1299 | D:2      | Reached skill level 3 in Long Blades
  1532 | D:2      | Reached XP level 3. HP: 16/29 MP: 4/4
  1740 | D:2      | Reached ** piety under Lugonu
  1741 | D:2      | Noticed Robin
  1780 | D:2      | Killed Robin
  1798 | D:2      | Reached skill level 4 in Long Blades
  1798 | D:2      | Reached XP level 4. HP: 26/35 MP: 5/5
  2600 | D:3      | Found a transporter.
  2683 | D:3      | Reached *** piety under Lugonu
  2684 | D:3      | Reached XP level 5. HP: 39/41 MP: 6/6
  2757 | D:3      | Found an iron altar of Okawaru.
  2919 | D:3      | Reached skill level 5 in Long Blades
  3074 | D:3      | Noticed Grinder
  3089 | D:3      | Slain by Grinder

Illustrated notes

Levels and vault maps discovered:
D:1:      minmay_arrival_four_houses, layout_loops_corners,
          shapermc_ecumenical_altar_rom_forum
D:2:      layout_rooms, minmay_increasing_density, uniq_robin
D:3:      gammafunk_wand_slinger, layout_basic, okawaru_altar_gauntlet_db,
          uniq_grinder

Skill      XL: |  1  2  3  4  5 |
---------------+----------------+-----
Long Blades    | 3 4 5 |  5.0
Fighting       | |  3.2
Armour         | |  2.1
Dodging        | |  0.8
Invocations    | |  2.1

Action                   |  1- 3 |  4- 6 || total
-------------------------+-------+-------++-------
Melee: Falchion          |   111 |    97 ||   208
       Punch             |     2 |     5 ||     7
Armor: Leather armour    |    18 |       ||    18
       Plate armour      |    35 |    88 ||   123
Dodge: Dodged            |    44 |    27 ||    71
